 Dungeon Crawl Stone Soup version 0.16.1-18-g436b03c (webtiles) character file.

15 Leviathan2552 the Grave Robber (level 2, -1/15 HPs)
             Began as a Deep Elf Necromancer on May 4, 2015.
             Slain by a giant gecko (2 damage)
             ... on level 1 of the Dungeon.
             The game lasted 00:06:02 (425 turns).

Leviathan2552 the Grave Robber (DENe)                Turns: 425, Time: 00:06:02

Health: -1/15      AC:  2    Str:  5    XL:     2   Next: 34%
Magic:  8/8        EV: 13    Int: 19    God:
Gold:   32         SH:  0    Dex: 15    Spells: 2 memorised, 5 levels left

rFire  . . .     SeeInvis .     g - +0 dagger
rCold  . . .     Clarity  .     d - +0 robe
rNeg   . . .     SustAb   .     (no shield)
rPois  .         Gourm    .     (no helmet)
rElec  .         Spirit   .     (no cloak)
rCorr  .         Warding  .     (no gloves)
rMut   .         Stasis   .     (no boots)
MR     .....                    (no amulet)
Stlth  +.........               (no ring)
                                (no ring)

@: not resistant to hostile enchantments, very unstealthy
A: no striking features
a: no special abilities


You were on level 1 of the Dungeon.
You were not hungry.

You visited 1 branch of the dungeon, and saw 1 of its levels.

You collected 32 gold pieces.

Inventory:

Hand weapons
 g - a +0 dagger (weapon)
 n - a +0 dagger
Armour
 a - a +0 robe
 d - a +0 robe (worn)
Scrolls
 e - a scroll of immolation {unknown}
 f - 4 scrolls of identify {unknown}
 h - a scroll of blinking {unknown}
 i - a scroll of fog {unknown}
 k - a scroll of enchant weapon {unknown}
Potions
 j - a potion of cancellation {unknown}
Books
 b - a book of Necromancy

   Spells                             Type                      Level
   a - Pain                           Necromancy                   1
   b - Animate Skeleton               Necromancy                   1
   c - Vampiric Draining              Necromancy                   3
   d - Regeneration                   Charms/Necromancy            3
   e - Animate Dead                   Necromancy                   4
   f - Control Undead                 Necromancy                   4
Comestibles
 c - a bread ration
 m - 2 chunks of flesh


   Skills:
 + Level 2.5 Dodging
 + Level 2.5 Stealth
 + Level 3.1 Spellcasting
 + Level 5.4 Necromancy


You had 5 spell levels left.
You knew the following spells:

 Your Spells              Type           Power        Failure   Level  Hunger
a - Pain                  Necr           ###.         1%          1    None
b - Animate Skeleton      Necr           N/A          1%          1    None


Dungeon Overview and Level Annotations

Branches:
Dungeon (1/15)

Altars:


Message History

The bat hits you but does no damage. The bat hits you but does no damage.
You enter the shallow water.
Moving in this stuff is going to be slow.
The bat barely misses you. The bat misses you.
The bat hits you but does no damage.
You barely miss the bat. The bat closely misses you.
The bat hits you but does no damage. x2
The bat hits you.
* * * LOW HITPOINT WARNING * * *
The giant gecko bites you but does no damage.
The giant gecko barely misses you. The bat barely misses you.
Your unstable footing causes you to fumble your attack.
The bat hits you but does no damage. The bat misses you.
Your unstable footing causes you to fumble your attack.
The bat hits you but does no damage. The giant gecko closely misses you.
Your unstable footing causes you to fumble your attack.
The bat closely misses you. The giant gecko bites you.
You die...

♣ ♣≈P≈.# #.#
♣≈♣PP≈.# #.#
♣PP...####.###### .
♣ ♣PP.>..l.......#
#.#
≈≈≈♣PP..#########.#
#.# PPP≈≈♣≈≈..≈.##
#.# #.#
...≈PP♣≈≈≈PP.## #.#
#.# #...PP≈Pl♣≈≈.P#
#.# #.#
######≈b@PPP≈.# #.#
###.# ###PP.P≈P#
#.# #...# ###≈.≈.#
#†# ....# #.### #.#
##..# b.# #.# #..#
.## #.# #..#
######.# #.# #..#
#....b.# #.# ##..#
##...##########.#


You could see a giant gecko and a bat.

Vanquished Creatures
  2 giant cockroaches (D:1)
  6 goblins (D:1)
  A giant newt (D:1)
  2 kobolds (D:1)
  A rat (D:1)
12 creatures vanquished.

Vanquished Creatures (collateral kills)
  A rat (D:1)
1 creature vanquished.

Vanquished Creatures (others)
  A goblin skeleton (D:1)
1 creature vanquished.

Grand Total: 14 creatures vanquished

Notes
Turn   | Place    | Note
--------------------------------------------------------------
     0 | D:1      | Leviathan2552, the Deep Elf Necromancer, began the quest for the Orb.
     0 | D:1      | Reached XP level 1. HP: 10/10 MP: 5/5
    87 | D:1      | Reached skill level 5 in Necromancy
   149 | D:1      | Reached XP level 2. HP: 9/15 MP: 4/8
   175 | D:1      | Learned a level 1 spell: Animate Skeleton
   425 | D:1      | Slain by a giant gecko

Action                   || total
-------------------------++-------
Melee: Dagger            ||    25
 Cast: Pain              ||    12
       Animate Skeleton  ||     1
